 Dungeon Crawl Stone Soup version 0.19-a0-1553-g64c24c3 (webtiles) character file.

385 poirepourri the Sneak (level 6, 0/28 HPs)
             Began as a Spriggan Enchanter on Sept 14, 2016.
             Slain by an orc
             ... wielding a +0 mace
              (9 damage)
             ... on level 4 of the Dungeon.
             The game lasted 00:08:56 (5898 turns).

poirepourri the Sneak (Spriggan Enchanter)          Turns: 5898, Time: 00:08:56

Health: 0/28       AC:  4    Str:  4    XL:     6   Next: 48%
Magic:  3/15       EV: 19    Int: 18    God:
Gold:   132        SH:  0    Dex: 17    Spells: 4 memorised, 6 levels left

rFire  x . .     SeeInvis +     y - +1 dagger (venom)
rCold  + + .     Gourm    +     b - +1 robe
rNeg   . . .     Faith    .     (shield restricted)
rPois  +         Spirit   .     (helmet restricted)
rElec  .         Dismiss  .     w - +0 cloak {rPois}
rCorr  .         Reflect  .     (gloves unavailable)
MR     +....     Harm     .     (boots unavailable)
Stlth  ++++......               s - amulet of the gourmand
                                o - ring of ice
                                g - ring of protection from cold

@: very quick
A: unfitting armour, see invisible, herbivore 3, speed 3, slow metabolism 2
a: no special abilities


You were on level 4 of the Dungeon.
You were hungry.

You visited 1 branch of the dungeon, and saw 4 of its levels.

You collected 132 gold pieces.

Inventory:

Hand Weapons
 a - a +1 dagger
 r - a +0 blowgun
 y - a +1 dagger of venom (weapon)
Missiles
 n - 54 poisoned needles
Armour
 b - a +1 robe (worn)
 w - a +0 cloak of poison resistance (worn)
Jewellery
 g - a ring of protection from cold (left hand)
 h - an uncursed amulet of faith
 o - a ring of ice (right hand)
 s - an amulet of the gourmand (around neck)
 t - an uncursed ring of protection from magic {unknown}
Wands
 i - a wand of digging (13/24)
Scrolls
 p - 3 scrolls of identify
 u - a scroll of fog
 v - 2 scrolls of teleportation {unknown}
Potions
 e - 4 potions of curing
 f - a potion of resistance {unknown}
 j - 2 potions of flight
 k - a potion of heal wounds {unknown}
 l - a potion of agility {unknown}
 m - a potion of degeneration {unknown}
 q - a potion of ambrosia {unknown}
 x - a potion of cancellation {unknown}
 A - a potion of brilliance {unknown}
Books
 c - a book of Maledictions

   Spells                             Type                      Level
   a - Corona                         Hexes                        1
   b - Ensorcelled Hibernation        Hexes/Ice                    2
   c - Confuse                        Hexes                        3
   d - Tukima's Dance                 Hexes                        3
   e - Dazzling Spray                 Conjuration/Hexes            3
Comestibles
 d - 2 bread rations
 z - 7 fruits


   Skills:
 + Level 2.2 Short Blades
 + Level 3.7 Dodging
 + Level 7.5 Stealth
 * Level 5.3 Spellcasting
 + Level 5.0 Hexes


You had 6 spell levels left.
You knew the following spells:

 Your Spells              Type           Power        Failure   Level  Hunger
a - Corona                Hex            ###....      1%          1    None
b - Ensorcelled Hibernat  Hex/Ice        ###...       10%         2    #......
c - Confuse               Hex            ###.....     6%          3    ##.....
d - Tukima's Dance        Hex            ###.....     6%          3    ##.....


Dungeon Overview and Level Annotations

Branches:
Dungeon (4/15)
 Temple: D:4-7

Altars:
Hepliaklqana
Nemelex Xobeh

Shops:
D:4 %

Annotations:
D:3 Soeti's ghost, amateur VSAs
D:4 hairmachine's ghost, amateur OgSk


Innate Abilities, Weirdness & Mutations

You are tiny and cannot use many weapons and most armour.
You have supernaturally acute eyesight. (SInv)
You are a herbivore.
You cover ground extremely quickly.
You need consume almost no food.


Message History

Aiming: Ensorcelled Hibernation
Press: ? - help, Shift-Dir - straight line, f/p - orc wizard
Aim: an orc wizard, wielding a dagger and wearing a robe (fast, chance to defeat MR: 50%)
You feel a surge of power!
The orc wizard resists with some effort.
The orc wizard hits you with a dagger.
The orc wizard hits you but does no damage.
Casting: Ensorcelled Hibernation
Confirm with . or Enter, or press ? or * to list all spells.
Aiming: Ensorcelled Hibernation
Press: ? - help, Shift-Dir - straight line, f/p - orc wizard
Aim: an orc wizard, wielding a dagger and wearing a robe (fast, chance to defeat MR: 50%)
You feel a surge of power!
The orc wizard looks drowsy...
The orc hits you with a mace!
* * * LOW HITPOINT WARNING * * *
The helpless orc wizard fails to defend itself.
You impale the orc wizard!!
You kill the orc wizard!
The orc hits you with a mace!
You die...

.## #.# #.# ###.# #..
#.# ...## #..) .## .
#...#####........
#.####....##..........
#....................
# #................##
. #...............# #
#..o@(..........# ##
#..)##..........# ##.
#..# ##..###....###..
#.# #..###.........
..# #.###..#.......
#.. ##..##.###......
#. #.....## #####.# #
#.###.## #....# ..#
### #####.


You could see an orc.

Vanquished Creatures
  A hound (D:4)
  An orc priest (D:4)
  Crazy Yiuf (D:3)
  An orc wizard (D:4)
  Ijyb (D:2)
  2 worker ants (D:4)
  A hound skeleton (D:3)
  7 adders
  An ooze (D:2)
  An adder skeleton (D:4)
  2 worms (D:2)
  2 dart slugs
  4 giant geckos
  10 orcs (D:4)
  6 bats
  4 giant cockroaches
  11 goblins
  5 hobgoblins
  8 jackals
  3 quokkas
  2 ball pythons
  3 frilled lizards
  7 kobolds
  6 rats
90 creatures vanquished.

Notes
Turn   | Place    | Note
-------+----------+-------------------------------------------
     0 | D:1      | poirepourri the Spriggan Enchanter began the quest for the Orb.
     0 | D:1      | Reached XP level 1. HP: 9/9 MP: 5/5
    75 | D:1      | Reached XP level 2. HP: 13/13 MP: 6/6
    84 | D:1      | Learned a level 2 spell: Ensorcelled Hibernation
   208 | D:1      | Reached skill level 5 in Stealth
  1238 | D:2      | Reached XP level 3. HP: 12/16 MP: 5/8
  1830 | D:2      | Noticed Ijyb
  1847 | D:2      | Killed Ijyb
  1847 | D:2      | Reached XP level 4. HP: 11/21 MP: 5/10
  2857 | D:2      | Reached skill level 6 in Stealth
  2972 | D:2      | Learned a level 3 spell: Confuse
  2976 | D:2      | Learned a level 3 spell: Tukima's Dance
  3536 | D:3      | Found a sparkling altar of Nemelex Xobeh.
  3654 | D:3      | Reached XP level 5. HP: 13/24 MP: 0/12
  3752 | D:3      | Found a runed door.
  3793 | D:3      | Noticed Crazy Yiuf
  3793 | D:3      | Noticed Soeti's ghost (amateur VSAs)
  3958 | D:3      | Found a hazy altar of Hepliaklqana.
  4537 | D:3      | Killed Crazy Yiuf
  4783 | D:4      | Reached skill level 7 in Stealth
  4910 | D:4      | Reached XP level 6. HP: 23/28 MP: 0/14
  5006 | D:4      | Noticed hairmachine's ghost (amateur OgSk)
  5213 | D:4      | Reached skill level 5 in Hexes
  5308 | D:4      | Reached skill level 5 in Spellcasting
  5386 | D:4      | Found Bafysale's Food Boutique.
  5898 | D:4      | Slain by an orc

Vault maps used:
D:1:      dpeg_arrival_tiny_k
D:2:      minmay_diamond_boxcup, first_bread, uniq_iyjb
D:3:      lemuel_crystal_altar, lemuel_round_altar, kennysheep_generic_room_7,
          uniq_crazy_yiuf_cottage
D:4:      serial_shops, nicolae_shop_window_shopping, kennysheep_generic_room_4

Skill      XL: |  1  2  3  4  5  6 |
---------------+-------------------+-----
Stealth        | 5 6 7 |  7.5
Spellcasting   | 3 4 5 |  5.3
Hexes          | 4 5 |  5.0
Short Blades   | 2 |  2.2
Dodging        | |  3.7

Action                   |  1- 3 |  4- 6 || total
-------------------------+-------+-------++-------
Melee: Dagger            |    75 |   122 ||   197
 Cast: Corona            |     2 |       ||     2
       Ensorcelled Hiber |    24 |    77 ||   101
       Confuse           |       |     4 ||     4
  Use: Scroll            |     4 |     2 ||     6
       Potion            |     1 |     1 ||     2
 Stab: Sleeping          |    22 |    55 ||    77
       Confused          |       |     2 ||     2
  Eat: Bread ration      |       |     1 ||     1
Armor: Robe              |    18 |     8 ||    26
Dodge: Dodged            |   108 |   132 ||   240
